 Dungeon Crawl Stone Soup version 0.29-a0-80-g3050e97935 (webtiles) character file.

Game seed: 3707251320591793839

71 Grim the Charlatan (level 4, -2/35 HPs)
             Began as a Draconian Artificer on Feb 4, 2022.
             Slain by a gnoll (11 damage)
             ... on level 2 of the Dungeon.
             The game lasted 00:03:51 (2636 turns).

Grim the Charlatan (Draconian Artificer)            Turns: 2636, Time: 00:03:52

Health: -2/35      AC:  6    Str: 14    XL:     4   Next: 5%
Magic:  4/4        EV: 12    Int: 11    God:
Gold:   120        SH:  0    Dex: 14    Spells: 3/3 levels left

rFire   . . .      SeeInvis .     - Unarmed
rCold   . . .      Faith    .   (no shield)
rNeg    . . .      Spirit   .   (armour unavailable)
rPois   .          Reflect  .   (helmet restricted)
rElec   .          Harm     .   g - +0 cloak
rCorr   .          Rampage  .   (no gloves)
Will    .....                   (no boots)
Stlth   ++........              (no amulet)
HPRegen 0.11/turn               (no ring)
MPRegen 0.09/turn               (no ring)

@: no status effects
A: AC +5, unfitting armour, cold-blooded
a: no special abilities


You were on level 2 of the Dungeon.
You visited 1 branch of the dungeon, and saw 2 of its levels.

You collected 120 gold pieces.

Inventory:

Missiles
 l - 2 boomerangs
 n - 30 stones
Armour
 g - a +0 cloak (worn)
Jewellery
 k - a ring of ice
Wands
 b - a wand of flame (6) (quivered)
 c - a wand of charming (15)
Scrolls
 a - a scroll of identify {unknown}
 e - a scroll of fog {unknown}
 f - a scroll of acquirement {unknown}
 m - a scroll of blinking {unknown}
Potions
 h - 2 potions of heal wounds {unknown}
 i - 2 potions of mutation {unknown}
 o - a potion of cancellation {unknown}
Miscellaneous
 d - a piece from Xom's chessboard (15/15)


   Skills:
 - Level 1.1 Fighting
 - Level 2.1 Dodging
 - Level 0.8 Stealth
 * Level 3.0 Unarmed Combat
 + Level 3.7 Evocations


You had 3 spell levels left.
You didn't know any spells.
Your spell library was empty.

Dungeon Overview and Level Annotations

Branches:
Dungeon (2/15)

Altars:


Innate Abilities, Weirdness & Mutations

Your plain brown scales are hard. (AC +5)
You cannot fit into any form of body armour.
You are cold-blooded and may be slowed by cold attacks.


Message History

You hit the gnoll.
You kill the gnoll!
The gnoll misses you.
You see here a +0 flail.
You hit the gnoll but do no damage. You punch the gnoll.
The gnoll is heavily wounded.
The gnoll hits you with a +0 whip.
* * * LOW HITPOINT WARNING * * *
You hit the gnoll.
The gnoll is almost dead.
The gnoll misses you.
You hit the gnoll but do no damage.
The gnoll is almost dead.
The gnoll misses you.
You closely miss the gnoll. You tail-slap the gnoll.
You kill the gnoll!
Your Unarmed Combat skill increases to level 3!
You have reached level 4!
You feel agile.
You hit the gnoll but do no damage. You tail-slap the gnoll.
The gnoll is moderately wounded.
The gnoll closely misses you.
You hit the gnoll.
The gnoll is heavily wounded.
The gnoll hits you with a +0 flail.
* * * LOW HITPOINT WARNING * * *
You hit the gnoll.
You tail-slap the gnoll, but do no damage.
The gnoll is heavily wounded.
The gnoll barely misses you.
You closely miss the gnoll. You tail-slap the gnoll.
The gnoll is almost dead.
You closely miss the gnoll.
The gnoll is almost dead.
The gnoll hits you with a +0 flail.
* * * LOW HITPOINT WARNING * * *
You hit the gnoll but do no damage.
The gnoll is almost dead.
The gnoll hits you with a +0 flail!
You die...

#..#.#.####.# ####.
###.###.##)..# ##....
#..........### #..###
#.......#..### #.##
#.......#....####.####
#......(#...........).
#.......##.####..####.
##########.###........
#@# #.#...###.### #g#
#.#.#####)# #)# #...#
#..# #<# ##.### #.## #
#.###...#####.## #
#.........)....#
#..###....###..#
#.#...#..#...#.#
#.#.⌠.#..#.⌠.#.#.


You could see a gnoll.

Vanquished Creatures
  3 gnolls
  2 worms (D:2)
  A dart slug (D:2)
  3 endoplasms (D:1)
  3 goblins
  4 hobgoblins
  4 jackals (D:1)
  A quokka (D:1)
  3 ball pythons
  2 bats
  2 frilled lizards (D:2)
  6 rats (D:2)
34 creatures vanquished.

Notes
Turn   | Place    | Note
-------+----------+-------------------------------------------
     0 | D:1      | Grim the Draconian Artificer began the quest for the Orb.
     0 | D:1      | Reached XP level 1. HP: 16/16 MP: 1/1
   105 | D:1      | Reached skill level 1 in Unarmed Combat
   517 | D:1      | Reached XP level 2. HP: 23/23 MP: 2/2
   883 | D:1      | Found a faded altar of an unknown god.
  1889 | D:2      | Reached XP level 3. HP: 22/28 MP: 3/3
  2631 | D:2      | Reached XP level 4. HP: 18/35 MP: 4/4
  2636 | D:2      | Slain by a gnoll

Illustrated notes

Levels and vault maps discovered:
D:1:      dpeg_arrival_connections, layout_loops_ring,
          shapermc_ecumenical_altar_mp_urbaneastern, minmay_misc_feat_doors
D:2:      layout_rooms, minmay_crystal_room, fountainhead, minmay_heptomino_w4

Skill      XL: |  1  2  3 |
---------------+----------+-----
Unarmed Combat | 1 2 3 |  3.0
Fighting       | |  1.1
Dodging        | |  2.1
Stealth        | |  0.8
Evocations     | |  3.7

Action                   |  1- 3 |  4- 6 || total
-------------------------+-------+-------++-------
Melee: Unarmed           |   149 |     6 ||   155
       Tailslap          |    27 |     3 ||    30
       Punch             |     4 |       ||     4
Evoke: Wand              |    12 |       ||    12
 Stab: Sleeping          |     1 |       ||     1
       Paralysed         |     7 |       ||     7
Armor: Skin              |    94 |       ||    94
Dodge: Dodged            |   137 |     2 ||   139

Table legend: (Time is in decaauts)
 A = Elapsed time spent in this place.
 B = Non-inter-level travel time spent in this place.
 C = Inter-level travel time spent in this place.
 D = Time resting spent in this place.
 E = Time spent auto-exploring this place.
 F = Levels seen in this place.
 G = Mean time per level.
                   A        B        C        D        E       F      G
               +--------+--------+--------+--------+--------+-----+--------+
         Total |   2640 |   2595 |     45 |   1245 |    951 |   2 | 1320.0 |
       Dungeon |   2640 |   2595 |     45 |   1245 |    951 |   2 | 1320.0 |
               +--------+--------+--------+--------+--------+-----+--------+

Top non-repeatable levels by time:
     D:1: 2018 daAuts
     D:2: 622 daAuts
